AoeStats
← Kritika

Black Forest

510767336Analyzed
4v4 RM · 15h ago on Oct 2, 2026· 41m 33s· 8 players
Game mode
Random Map
Map size
Large (8 player)
Population
200
Speed
Normal
Resources
Standard
Victory
Conquest
Starting age
Dark Age
Ending age
Imperial Age
RankedLock teamsTeams togetherTeam positionsShared explorationLock speedFull tech treeHidden civsTurbo modeCheats
Victory
Defeat
🇫🇷 Italians · France
1426
+15
🇫🇷 Ethiopians · France
1422
+15
🇩🇪 Jurchens · Germany
1417
+15
🇺🇸 Japanese · United States
1415
+15
🇭🇰 Britons · Hong Kong SAR China
1441
-17
🇮🇳 Cumans · India
1430
-16
🇨🇳 Mongols · China
1408
-15
🇭🇰 Bohemians · Hong Kong SAR China
1330
-12
牛比无极限
6:44 Loom
8:49 Feudal Age
10:52 Horse Collar
11:11 Double-Bit Axe
13:17 Wheelbarrow
20:04 Castle Age
30:15 Imperial Age
28:26 Bow Saw
31:30 Conscription
30:45 Heavy Scorpion
31:40 Gold Mining
32:29 Drill
32:59 Gold Shaft Mining
33:34 Siege Engineers
33:50 Ballistics
34:31 Chemistry
39:51 Caravan
Kritika
8:03 Loom
11:14 Feudal Age
11:48 Double-Bit Axe
11:44 Horse Collar
19:34 Wheelbarrow
21:49 Castle Age
21:00 Gold Mining
21:41 Scale Barding Armor
21:47 Forging
22:39 Bloodlines
23:03 Chain Barding Armor
28:03 Hand Cart
28:19 Bow Saw
29:18 Capped Ram
33:21 Imperial Age
33:22 Cavalier
34:39 Plate Barding Armor
34:40 Iron Casting
37:06 Siege Ram
40:12 Elite Steppe Lancer
勤奮的兔兔
10:31 Feudal Age
14:54 Castle Age
12:58 Double-Bit Axe
15:58 Bow Saw
15:50 Horse Collar
18:55 Gold Mining
22:11 Wheelbarrow
22:29 Heavy Plow
23:02 Stone Mining
25:06 Gold Shaft Mining
28:58 Imperial Age
26:14 Loom
26:44 Hand Cart
26:20 Town Watch
26:38 Fletching
28:00 Caravan
28:16 Bodkin Arrow
28:22 Padded Archer Armor
28:43 Ballistics
28:17 Guard Tower
29:53 Fortified Wall
29:54 Masonry
30:04 Leather Archer Armor
30:18 Bracer
31:21 Chemistry
30:43 Conscription
31:53 Two-Man Saw
32:10 Keep
32:06 Architecture
32:23 Elite Longbowman
33:07 Treadmill Crane
33:23 Murder Holes
33:35 Light Cavalry
34:16 Husbandry
36:23 Yeomen
35:49 Man-at-Arms
36:30 Squires
36:16 Gambesons
36:16 Arson
36:32 Scale Mail Armor
36:43 Forging
37:12 Long Swordsman
38:08 Chain Mail Armor
38:20 Warwolf
39:02 Iron Casting
37:49 Two-Handed Swordsman
38:26 Champion
39:37 Plate Mail Armor
Joe523c
0:28 Loom
12:02 Feudal Age
18:27 Castle Age
16:50 Double-Bit Axe
17:20 Horse Collar
20:37 Fervor
21:40 Wheelbarrow
21:55 Bow Saw
29:38 Imperial Age
28:17 Heavy Plow
28:45 Ballistics
29:21 Hand Cart
29:17 Fletching
31:11 Chemistry
30:07 Murder Holes
35:37 Hand Cart
36:46 Padded Archer Armor
39:09 Elite Skirmisher
40:46 Man-at-Arms
vladtepes
10:58 Feudal Age
11:35 Double-Bit Axe
11:47 Horse Collar
14:32 Castle Age
15:55 Wheelbarrow
15:34 Bow Saw
15:24 Heavy Plow
18:32 Wheelbarrow
19:28 Gold Mining
20:48 Hand Cart
26:17 Imperial Age
24:04 Scale Mail Armor
24:14 Forging
23:51 Gambesons
24:32 Stone Mining
24:43 Arson
24:58 Squires
25:52 Loom
27:00 Chain Mail Armor
27:26 Iron Casting
26:42 Heavy Rocket Cart
27:15 Elite Fire Lancer
28:32 Capped Ram
29:50 Siege Engineers
30:20 Town Watch
30:17 Treadmill Crane
30:32 Siege Ram
33:12 Careening
34:44 Blast Furnace
35:21 Fletching
37:53 Conscription
39:39 Thunderclap Bombs
41:49 Caravan
guilleol1005
1:17 Loom
10:19 Feudal Age
17:52 Castle Age
16:04 Horse Collar
17:25 Double-Bit Axe
19:27 Bow Saw
19:29 Fletching
23:36 Gold Mining
29:40 Imperial Age
29:16 Murder Holes
31:21 Chemistry
30:27 Bodkin Arrow
31:54 Bracer
31:55 Padded Archer Armor
32:25 Ballistics
33:53 Conscription
35:24 Leather Archer Armor
38:33 Caravan
Non faux pa
1:11 Loom
12:27 Feudal Age
17:00 Castle Age
16:07 Horse Collar
16:13 Double-Bit Axe
16:20 Gold Mining
16:23 Stone Mining
19:22 Bow Saw
28:37 Heavy Plow
30:08 Fletching
33:23 Imperial Age
31:22 Ballistics
30:44 Treadmill Crane
31:52 Wheelbarrow
31:30 Bodkin Arrow
32:18 Padded Archer Armor
34:33 Kataparuto
33:49 Heavy Cavalry Archer
34:38 Thumb Ring
34:35 Bracer
35:40 Chemistry
36:21 Conscription
vince
11:39 Feudal Age
12:34 Double-Bit Axe
12:44 Horse Collar
15:19 Castle Age
16:31 Bow Saw
17:14 Wheelbarrow
17:01 Heavy Plow
25:02 Hand Cart
25:08 Loom
28:38 Imperial Age
28:46 Imperial Age
26:03 Loom
26:21 Fletching
26:33 Padded Archer Armor
27:00 Bodkin Arrow
27:06 Crossbowman
27:52 Thumb Ring
27:08 Elite Skirmisher
28:24 Leather Archer Armor
28:31 Ballistics
28:06 Gold Mining
30:32 Chemistry
28:53 Arbalester
29:35 Bracer
30:05 Ring Archer Armor
29:43 Siege Engineers
31:39 Two-Man Saw
31:12 Conscription
31:45 Gold Shaft Mining
32:46 Torsion Engines
32:32 Onager
33:02 Halberdier
33:44 Scale Mail Armor
33:55 Forging
35:12 Siege Onager
37:26 Chain Mail Armor
37:47 Iron Casting
42:28 Plate Mail Armor
42:58 Blast Furnace
Connection lost

Rejoining the realm…

Still unreachable

The connection could not be restored.

Session expired

The server has moved on; the page needs a fresh start.